 Dungeon Crawl Stone Soup version 0.21.1-1-g345015f (webtiles) character file.

560 Mirai the Digger (level 7, -10/36 HPs)
             Began as a Gargoyle Earth Elementalist on Feb 26, 2018.
             Mangled by a wyvern (14 damage)
             ... on level 5 of the Dungeon on Feb 27, 2018.
             The game lasted 00:19:51 (3996 turns).

Mirai the Digger (Gargoyle Earth Elementalist)      Turns: 3996, Time: 00:19:52

Health: -10/36     AC:  7    Str: 11    XL:     7   Next: 31%
Magic:  2/14       EV: 14    Int: 18    God:
Gold:   163        SH:  0    Dex: 10    Spells: 6/15 levels left

rFire    . . .     SeeInvis .   y - +0 morningstar
rCold    . . .     Gourm    .   (no shield)
rNeg     + . .     Faith    .   c - +0 robe
rPois    ∞         Spirit   .   a - +0 helmet
rElec    +         Reflect  .   (no cloak)
rCorr    .         Harm     .   (no gloves)
MR       .....                  (no boots)
Stlth    ++........             (no amulet)
HPRegen  0.12/turn              o - +2 ring of evasion
MPRegen  0.14/turn              (no ring)

@: very slightly contaminated
A: negative energy resistance 1, electricity resistance, unbreathing,
petrification resistance, rot immunity, AC +4
a: no special abilities


You were on level 5 of the Dungeon.
You were very hungry.

You visited 1 branch of the dungeon, and saw 5 of its levels.

You collected 163 gold pieces.

Inventory:

Hand Weapons
 g - a +0 flail
 y - a +0 morningstar (weapon)
Missiles
 b - 16 stones (quivered)
Armour
 a - a +0 helmet (worn)
 c - a +0 robe (worn)
 h - a cursed +0 robe
 n - a +1 scale mail of cold resistance
Jewellery
 o - a +2 ring of evasion (left hand)
Wands
 D - a wand of acid (10)
Scrolls
 f - a scroll of remove curse
 j - 2 scrolls of enchant weapon {unknown}
 r - 4 scrolls of identify {unknown}
 s - a scroll of teleportation
 E - a scroll of blinking {unknown}
Potions
 i - a potion of resistance {unknown}
 l - a potion of ambrosia {unknown}
 q - a potion of invisibility {unknown}
 v - a potion of magic {unknown}
 z - 2 potions of agility {unknown}
 A - a potion of might
 F - a potion of lignification {unknown}
 M - a potion of mutation {unknown}
 T - a potion of heal wounds {unknown}
Books
 e - a book of Geomancy

   Spells                             Type                      Level
   a - Sandblast                      Earth                        1
   b - Passwall                       Transmutation/Earth          2
   c - Stone Arrow                    Conjuration/Earth            3
   d - Petrify                        Transmutation/Earth          4
   e - Lee's Rapid Deconstruction     Earth                        5
Comestibles
 d - 5 rations
 k - a chunk of flesh


   Skills:
 + Level 0.2 Fighting
 + Level 0.8 Maces & Flails
 - Level 1.5 Dodging
 - Level 2.1 Stealth
 + Level 4.9 Spellcasting
 * Level 3.1 Conjurations
   Level 0.7 Transmutations
 + Level 6.5 Earth Magic


You had 6 spell levels left.
You knew the following spells:

 Your Spells              Type           Power        Failure   Level  Hunger
a - Sandblast             Erth           ####..       1%          1    None
b - Stone Arrow           Conj/Erth      ###...       5%          3    ###....
c - Lee's Rapid Deconstr  Erth           ####......   26%         5    ######.


Dungeon Overview and Level Annotations

Branches:
Dungeon (5/15)
 Temple: D:4-7

Altars:
Hepliaklqana
Okawaru
Qazlal
Trog
Uskayaw
Wu Jian
Zin


Innate Abilities, Weirdness & Mutations

You are resistant to torment.
Your stone body is resilient. (AC +4)
You are immune to poison.
You resist negative energy. (rN+)
You are resistant to electric shocks. (rElec)
You can survive without breathing.
You are immune to petrification.
You are immune to rotting.


Message History

Casting: Lee's Rapid Deconstruction
Confirm with . or Enter, or press ? or * to list all spells.
Aiming: Lee's Rapid Deconstruction
Press: ? - help, Dir - move target cursor The wall shatters!
The blast of rock fragments hits the orc wizard.
You kill the orc wizard!
The blast of rock fragments hits the adder zombie.
You destroy the adder zombie!
The blast of rock fragments hits the orc.
You kill the orc!
You are feeling very hungry.
You hear a shout! x3
The wyvern bites you. The adder closely misses you. The wyvern bites you!
* * * LOW HITPOINT WARNING * * *
Something hits you but does no damage. The adder closely misses you.
The wyvern bites you.
* * * LOW HITPOINT WARNING * * *
The wyvern completely misses you. The wyvern bites you!
You die...

.. .# .# ##.# # #..#
####. ##.# .
.(....########..###)...
##....@S..#{..).l[)...
#
##..####lo).)..###.....
#.##..##...o.(###.# ...
###.#...#......## #...
. #.........######
..##.. .....###.# .##
..# ###.#....# #. ..
##.....## .. .
#......###### .#


You could see a wyvern, an adder and 2 orcs.

Vanquished Creatures
  An ogre (D:4)
  2 scorpions
  A jelly (D:5)
  A hound (D:5)
  An orc priest (D:5)
  Terence (D:2)
  3 orc wizards
  5 adders
  A gnoll (D:1)
  2 oozes (D:1)
  An adder zombie (D:5)
  An adder skeleton (D:4)
  3 worms
  2 dart slugs (D:1)
  2 leopard geckos
  17 orcs
  6 giant cockroaches
  2 hobgoblins
  7 jackals
  7 kobolds
  3 quokkas
  A ball python (D:1)
  6 bats
  8 frilled lizards
  9 goblins
  6 rats
99 creatures vanquished.

Notes
Turn   | Place    | Note
-------+----------+-------------------------------------------
     0 | D:1      | Mirai the Gargoyle Earth Elementalist began the quest for the Orb.
     0 | D:1      | Reached XP level 1. HP: 10/10 MP: 3/3
    17 | D:1      | Reached skill level 4 in Earth Magic
    17 | D:1      | Reached XP level 2. HP: 15/15 MP: 0/5
   141 | D:1      | Reached XP level 3. HP: 2/19 MP: 0/6
   455 | D:1      | Learned a level 3 spell: Stone Arrow
  1283 | D:2      | Reached XP level 4. HP: 23/24 MP: 8/8
  1339 | D:2      | Found an ornate altar of the Wu Jian Council.
  1374 | D:2      | Noticed Terence
  1384 | D:2      | Killed Terence
  1384 | D:2      | Reached skill level 5 in Earth Magic
  1508 | D:2      | Found a glowing silver altar of Zin.
  1798 | D:2      | Reached skill level 1 in Conjurations
  1820 | D:2      | Found an iron altar of Okawaru.
  1822 | D:2      | Reached XP level 5. HP: 20/28 MP: 7/10
  1898 | D:2      | Found a hazy altar of Hepliaklqana.
  2186 | D:2      | Learned a level 5 spell: Lee's Rapid Deconstruction
  2403 | D:3      | Found a bloodstained altar of Trog.
  2434 | D:3      | Found a stormy altar of Qazlal.
  3239 | D:4      | Noticed an ogre
  3242 | D:4      | Killed an ogre
  3242 | D:4      | Reached XP level 6. HP: 31/32 MP: 7/12
  3334 | D:4      | Reached skill level 6 in Earth Magic
  3357 | D:4      | Found a hide-covered altar of Uskayaw.
  3361 | D:4      | Noticed a hand axe
  3361 | D:4      | Noticed a hand axe
  3776 | D:5      | Entered Level 5 of the Dungeon
  3844 | D:5      | Reached XP level 7. HP: 26/36 MP: 7/14
  3985 | D:5      | Noticed a wyvern
  3996 | D:5      | Mangled by a wyvern

Skill      XL: |  1  2  3  4  5  6  7 |
---------------+----------------------+-----
Earth Magic    | 4 5 6 |  6.5
Spellcasting   | 3 4 |  4.9
Conjurations   | 1 2 3 |  3.1
Fighting       | |  0.2
Maces & Flails | |  0.8
Dodging        | |  1.5
Stealth        | |  2.1
Transmutations | |  0.7

Action                   |  1- 3 |  4- 6 |  7- 9 || total
-------------------------+-------+-------+-------++-------
Melee: Unarmed           |    80 |       |       ||    80
       Hand axe          |    25 |   113 |       ||   138
       Morningstar       |       |    19 |    29 ||    48
 Cast: Sandblast         |    30 |    29 |     2 ||    61
       Stone Arrow       |     4 |    16 |       ||    20
       Lee's Rapid Decon |       |     2 |     3 ||     5
  Use: Scroll            |       |     3 |       ||     3
 Stab: Sleeping          |     3 |     2 |       ||     5
  Eat: Chunk             |     2 |     9 |     2 ||    13
Armor: Robe              |    58 |    13 |    15 ||    86
       Leather armour    |       |    44 |       ||    44
Dodge: Dodged            |    90 |   126 |    36 ||   252
